Map: Year Zero LE

Players

TiPtOP - Winner!

  • Race: Terran Terran
  • League: Silver
  • Spawn Location: 1:00

Contro

  • Race: Zerg Zerg
  • Spawn Location: 11:00

VOD

Have the link to the VOD?

Description

Time

  • Played on: May 7, 2019, 6:54 a.m.
  • Length: 14:16
Show
View Real Time Build Order
Export as new Build Order

TiPtOP Terran - Winner!

Build Orders: Gas First Reaper Expand 

Get SALT Encoding   

  12  0:01  SCV  
  13  0:15  SCV  
  14  0:23  Supply Depot  
  14  0:31  Refinery  
  14  0:32  SCV  
  15  0:46  SCV  
  16  0:53  Barracks  
  16  1:00  SCV  
  17  1:16  SCV  
  18  1:29  SCV  
  19  1:41  Reaper  
  19  1:45  Barracks  
  20  2:00  Orbital Command  
  20  2:02  Command Center  
  20  2:22  Barracks Reactor  
  20  2:32  SCV  
  21  2:37  Barracks Tech Lab  
  21  2:40  Factory  
  21  2:44  SCV  
  22  2:59  SCV  
  23  3:13  SCV, Marine x2  
  23  3:14  Marauder  
  28  3:25  Supply Depot  
  28  3:29  SCV  
  28  3:32  Factory Reactor  
  29  3:36  Starport  
  29  3:42  SCV  
  29  3:47  Marine x2  
  29  3:48  Marauder  
  34  4:04  SCV x2  
  34  4:06  Supply Depot  
  34  4:07  Marine x2  
  34  4:09  Marauder  
  40  4:30  Marine x2, Marauder  
  44  4:33  Factory Tech Lab  
  44  4:38  Refinery, SCV  
  44  4:44  SCV  
  46  4:49  Stimpack  
  46  5:08  Engineering Bay  
  46  5:10  Engineering Bay  
  46  5:16  SCV  
  46  5:18  Marauder  
  46  5:19  Marine x2  
  51  5:22  Medivac  
  53  5:30  SCV  
  53  5:34  Refinery  
  54  5:49  Supply Depot x2  
  54  6:10  Marine x3  
  54  6:11  SCV  
  58  6:12  Supply Depot  
  58  6:13  Supply Depot  
  58  6:16  SCV  
  59  6:23  SCV, Barracks  
  60  6:28  Marine  
  60  6:29  Marine  
  60  6:30  Marine  
  63  6:34  Siege Tank  
  66  6:46  Marine  
  67  7:05  Marine x3  
  70  7:23  Marine  
  71  7:56  SCV x2  
  71  7:57  Marine x3  
  66  8:01  Medivac x2  
  66  8:02  Siege Tank  
  73  8:06  Factory  
  73  8:15  Marine  
  74  8:27  Barracks Tech Lab  
  76  8:48  Marine x2, Marauder  
  76  8:49  Marauder  
  80  9:06  Marine x2  
  80  9:09  Marine x2  
  84  9:20  Command Center  
  84  9:23  Command Center  
  84  9:24  Marine  
  62  9:48  Medivac  
  62  9:51  Siege Tank  
  67  9:56  Factory Tech Lab  
  67  9:57  Marine x4  
  66  10:15  Marine  
  66  10:16  Marauder  
  60  10:36  Viking  
  62  10:43  Starport  
  62  10:52  SCV  
  62  10:56  SCV, Marine x2  
  62  10:57  Marine x2  
  66  10:59  Siege Tank x2  
  74  11:04  SCV  
  74  11:08  SCV  
  76  11:13  Supply Depot  
  76  11:14  Marine x4, Supply Depot x2  
  76  11:15  Supply Depot  
  76  11:16  SCV, Supply Depot  
  76  11:18  Supply Depot  
  81  11:19  Supply Depot  
  81  11:20  SCV  
  81  11:21  Supply Depot  
  82  11:26  Terran Infantry Weapons Level 1  
  82  11:27  Terran Infantry Armor Level 1  
  82  11:28  SCV  
  82  11:31  Siege Tank x2  
  82  11:32  SCV, Marine x4  
  92  11:39  Combat Shield  
  94  11:40  SCV  
  94  11:44  SCV  
  96  11:50  Marine  
  96  11:52  SCV  
  98  11:56  SCV  
  99  12:04  SCV  
  101  12:08  SCV  
  101  12:35  Viking x2  
  105  12:38  Marine x3  
  105  12:39  Marine  
  98  12:56  Marine x4  
  98  12:58  Concussive Shells  
  98  13:05  Viking  
  100  13:13  SCV  
  100  13:14  Marine x2  
  100  13:15  Marauder x2  
  100  13:18  SCV x3  
  110  13:25  SCV  
  111  13:30  SCV x3  
  111  13:32  Marine x2  
  116  13:36  Marine, Marauder  
  116  13:37  SCV  
  114  13:42  SCV  
  108  13:49  Marine  
  108  13:50  Marine  
  108  13:53  Marine  
  110  13:57  Marine  
Show
View Real Time Build Order
Export as new Build Order

Contro Zerg 

Build Orders: Hatch First 

Get SALT Encoding   

  12  0:03  Drone  
  13  0:08  Drone  
  14  0:18  Overlord  
  14  0:36  Drone  
  14  0:39  Drone  
  16  0:53  Drone  
  16  0:56  Hatchery  
  16  1:01  Drone  
  17  1:13  Spawning Pool  
  17  1:14  Drone  
  17  1:25  Drone  
  18  1:27  Overlord  
  18  1:42  Drone  
  18  1:46  Extractor  
  18  1:49  Drone  
  19  2:02  Zergling x2  
  20  2:12  Drone x2  
  20  2:14  Drone  
  23  2:23  Drone  
  24  2:33  Extractor  
  24  2:35  Overlord  
  23  2:37  Zergling x2  
  23  2:41  Drone  
  23  2:43  Drone  
  26  2:48  Drone  
  27  2:58  Zergling x2  
  28  3:02  Queen  
  28  3:05  Queen  
  32  3:07  Drone  
  32  3:08  Drone x2  
  35  3:25  Zergling x6  
  38  3:36  Hatchery  
  38  3:38  Queen  
  39  3:42  Overlord  
  39  4:00  Drone x2  
  39  4:01  Drone  
  39  4:02  Drone x2  
  44  4:20  Lair  
  44  4:24  Drone  
  44  4:25  Drone x3  
  44  4:26  Drone x4  
  52  4:35  Overlord  
  52  4:47  Queen  
  52  4:50  Overlord  
  52  4:52  Queen  
  56  4:54  Overlord  
  56  4:55  Overlord  
  56  4:56  Drone x3  
  56  4:57  Drone x4  
  63  5:09  Drone  
  63  5:10  Drone  
  65  5:16  Drone x2  
  67  5:21  Extractor  
  66  5:30  Hydralisk Den  
  65  5:40  Roach Warren  
  65  5:41  Zergling x2  
  65  5:42  Zergling x6  
  68  5:46  Drone x2  
  68  5:47  Overlord x3, Drone  
  68  5:49  Zergling x4  
  74  5:50  Zergling x2  
  74  6:02  Zergling x2  
  75  6:04  Hydralisk  
  75  6:05  Hydralisk x2  
  81  6:27  Drone x3  
  81  6:28  Drone  
  82  7:01  Metabolic Boost  
  82  7:05  Grooved Spines  
  82  7:10  Hydralisk x5  
  82  7:11  Hydralisk  
  82  7:12  Drone x3  
  79  7:47  Spire  
  75  8:17  Muscular Augments  
  75  8:24  Hydralisk x2  
  75  8:25  Hydralisk  
  75  8:26  Zergling x8  
  85  8:45  Lurker Den  
  84  8:48  Roach  
  84  8:49  Roach x6  
  98  8:56  Drone x3  
  98  9:00  Drone x3  
  104  9:14  Evolution Chamber, Queen  
  105  9:17  Evolution Chamber  
  105  9:18  Overlord x4  
  104  9:25  Drone  
  57  9:48  Mutalisk  
  57  9:49  Mutalisk x5  
  57  9:50  Roach x2  
  57  9:52  Zergling x10  
  78  9:53  Zergling x4  
  65  11:13  Extractor  
  65  11:15  Drone x3  
  65  11:16  Drone x3, Extractor  
  65  11:17  Drone x2  
  65  11:18  Drone x8  
  76  11:19  Drone x2  
  81  11:40  Extractor  
  80  11:54  Drone x6  
  83  12:00  Roach  
  83  12:01  Roach x8  
  98  12:02  Roach x2  
  108  12:13  Mutalisk  
  110  12:17  Mutalisk x3  
  116  12:27  Ravager x2  
  116  12:28  Ravager x3  
  121  12:30  Overlord  
  121  12:31  Overlord x2  
  121  12:32  Overlord x3  
  83  13:03  Roach x2, Mutalisk x6  
  83  13:04  Mutalisk x2  
  103  13:07  Zergling x6  
  103  13:08  Zergling x6  
  109  13:35  Zergling x14  
  109  13:36  Roach x2, Mutalisk x2  
Tags
 
Add a new tag
Caveats
  • Supply blocks, unpowered buildings, or Contaminate may cause inaccurate times.
  • Supply counts are checked every 10 seconds.